 Dungeon Crawl Stone Soup version 0.27.1-1-g398f81649c (webtiles) character file.

Game seed: 11450620516447916808

6876 pokedragonboy the Destroyer (level 10, 0/50 HPs)
             Began as a Deep Elf Conjurer on Sept 10, 2021.
             Was a Follower of Vehumet.
             Slain by a hornet (3 damage)
             ... on level 8 of the Dungeon on Sept 11, 2021.
             The game lasted 01:13:40 (10960 turns).

pokedragonboy the Destroyer (Deep Elf Conjurer)    Turns: 10960, Time: 01:13:40

Health: 0/50       AC: 10    Str:  4    XL:     10   Next: 78%
Magic:  21/27      EV: 16    Int: 27    God:    Vehumet [*.....]
Gold:   418        SH:  0    Dex: 13    Spells: 18/31 levels left

rFire    . . .     SeeInvis .   q - +2 whip (venom)
rCold    . . .     Faith    .   (no shield)
rNeg     . . .     Spirit   .   G - +0 steam dragon scales
rPois    .         Reflect  .   r - +0 helmet
rElec    .         Harm     .   B - scarf {+Inv}
rCorr    .         Rampage  .   S - +2 pair of gloves {archery}
Will     ++...                  e - +0 pair of boots
Stlth    ++........             (no amulet)
HPRegen  0.16/turn              I - ring of willpower
MPRegen  0.20/turn              o - +4 ring of evasion

@: very slightly contaminated, slowed, very slow
A: no striking features
a: Renounce Religion, Evoke Invisibility


You were on level 8 of the Dungeon.
You worshipped Vehumet.
Vehumet was aware of your devotion.
You visited 2 branches of the dungeon, and saw 9 of its levels.

You collected 418 gold pieces.

Inventory:

Hand Weapons
 j - a +0 trident of distortion
 p - a +0 scythe {Sigmund's Scythe}
 q - a +2 whip of venom (weapon)
 v - a +2 vorpal dire flail
 E - a +2 rapier of protection
 Q - a +3 dagger
Missiles
 g - 297 stones
 k - 7 boomerangs of dispersal
Armour
 e - a +0 pair of boots (worn)
 r - a +0 helmet (worn)
 B - a scarf of invisibility (worn)
 G - +0 steam dragon scales (worn)
 N - a +1 cloak of stealth
 S - a +2 pair of gloves of archery (worn)
Jewellery
 m - a +6 ring of strength
 o - a +4 ring of evasion (right hand)
 s - a ring of protection from cold
 I - a ring of willpower (left hand)
 M - the ring "Qob Viod" {Wiz Dex+4 Stlth-}
   (You found it on level 7 of the Dungeon)

   [ring of wizardry]

   It improves your spell success rate.
   Dex:       It affects your dexterity (+4).
   Stlth:     It makes you less stealthy.
Wands
 n - a wand of digging (5)
 t - a wand of charming (5)
 u - a wand of flame (18)
 y - a wand of polymorph (8)
Scrolls
 c - 2 scrolls of enchant weapon
 d - a scroll of magic mapping
 h - 4 scrolls of identify
 w - 2 scrolls of teleportation
 x - a scroll of acquirement {unknown}
 C - 2 scrolls of blinking
 H - a scroll of vulnerability
 K - 2 scrolls of enchant armour {unknown}
 L - 2 scrolls of summoning {unknown}
Potions
 a - a potion of invisibility {unknown}
 b - 3 potions of brilliance
 f - 3 potions of heal wounds
 i - a potion of mutation {unknown}
 l - 2 potions of cancellation
 z - 2 potions of curing {unknown}
 A - 2 potions of ambrosia
 D - a potion of flight {unknown}
 F - a potion of attraction {unknown}
 O - a potion of degeneration {unknown}
 P - 2 potions of magic {unknown}
 R - a potion of lignification {unknown}
 T - a potion of berserk rage {unknown}
Miscellaneous
 J - a phantom mirror


   Skills:
 - Level 3.0 Dodging
 - Level 2.4 Stealth
 + Level 11.0 Spellcasting
 * Level 13.0 Conjurations
 - Level 3.0 Hexes
 - Level 3.0 Translocations
 - Level 1.0 Invocations
 + Level 8.0 Evocations


You had 18 spell levels left.
You knew the following spells:

 Your Spells              Type           Power      Damage    Failure   Level
a - Magic Dart            Conj           100%       1d8       1%          1
b - Searing Ray           Conj           100%       3d7       1%          2
c - Blink                 Tloc           N/A        N/A       1%          2
d - Iskenderun's Mystic   Conj/Tloc      55%        2d12      1%          4
e - Fulminant Prism       Conj/Hex       27%        3d14      1%          4

Your spell library contained the following spells:

 Spells                   Type           Power      Damage    Failure   Level
 Foxfire                  Conj/Fire      100%       2x1d9     1%          1
 Conjure Flame            Conj/Fire      50%        6-21      1%          3
 Dazzling Flash           Conj/Hex       100%       N/A       1%          3
 Sticky Flame             Conj/Fire      50%        2d7       2%          4
 Lesser Beckoning         Tloc           15%        N/A       3%          3
 Frozen Ramparts          Ice            28%        1d4       12%         3
 Ignite Poison            Fire/Tmut/Pois 14%        N/A       12%         3
 Manifold Assault         Tloc           31%        N/A       30%         5
 Ice Form                 Ice/Tmut       14%        N/A       36%         4
 Summon Ice Beast         Ice/Summ       14%        N/A       36%         4


Dungeon Overview and Level Annotations

Branches:
Dungeon (8/15)             Temple (1/1) D:7
   Lair: D:8-11

Altars:
Ashenzari
Cheibriados
Dithmenos
Elyvilon
Fedhas
Gozag
Hepliaklqana
Kikubaaqudgha
Makhleb
Nemelex Xobeh
Okawaru
Qazlal
Ru
Sif Muna
Trog
Uskayaw
Vehumet
Wu Jian
Xom
Yredelemnul
Zin
The Shining One

Shops:
D:2 =


Message History

Aiming: Magic Dart (safe; 1% risk of failure)
Press: ? - help, Shift-Dir - straight line, f - hornet
Aim: a hornet (asleep, 100% to hit)
Okay, then.
Casting: Magic Dart (safe; 1% risk of failure)
Confirm with . or Enter, or press ? or * to list all spells.
Aiming: Searing Ray (safe; 1% risk of failure)
Press: ? - help, Shift-Dir - straight line, f - hornet
Aim: a hornet (asleep, 100% to hit)
The searing ray hits the hornet!
The hornet is moderately wounded.
The hornet buzzes angrily. (Press . to maintain the ray.)
The searing ray misses the hornet.
The hornet closely misses you.
The searing ray hits the hornet!
The hornet is heavily wounded.
The hornet stings you but does no damage.
The searing ray hits the hornet!
The hornet is almost dead.
You finish channeling your searing ray.
The hornet stings you!
You suddenly lose the ability to move!
The hornet stings you!
You feel yourself slow down.
You feel yourself speed up. The hornet stings you!
You shrug off the repeated paralysis!
The hornet stings you but does no damage.
The hornet stings you!
* * * LOW HITPOINT WARNING * * *
You feel yourself slow down.
You can move again.
Okay, then.
Casting: Searing Ray (safe; 1% risk of failure)
Confirm with . or Enter, or press ? or * to list all spells.
You miscast Blink.
You are very lightly contaminated with residual magic.
Nothing appears to happen.
You feel yourself speed up. The hornet stings you!
* * * LOW HITPOINT WARNING * * *
You feel yourself slow down. The hornet stings you.
You die...

.........#
#.#
#(..§.....
########.#
#.#
#.#.≈≈§≈≈≈
#.# #.###
#.#.§§....
#.# #.#..
#.....)..>
#.# #.#.#
###.#.....
#.# #.#.#
#.#.###.
#.# #.#.#
#.#.# #.
#.#
#.#.####.#
#.#.# ##
#.#
#.@......#
#.#.####
#.#
###y######
#.#.....
.#
#.######
.# #.# .#
#.# .# #.#
.# #.# .#
#<# ###


You could see a hornet.

Vanquished Creatures
  2 two-headed ogres
  2 wizards (D:8)
  2 slime creatures (D:7)
  Joseph (D:7)
  Maggie (D:6)
  Sigmund (D:2)
  2 wyverns
  Menkaure (D:4)
  Edmund (D:4)
  Duvessa (D:7)
  2 orc warriors
  3 ice beasts (D:7)
  A hornet zombie (D:8)
  4 sky beasts
  A necrophage (D:8)
  2 centaurs
  A phantom (D:5)
  A kobold brigand (D:8)
  A bullfrog (D:8)
  Dowan (D:7)
  A water moccasin zombie (D:5)
  A scorpion (D:5)
  A wyvern skeleton (D:6)
  A water moccasin skeleton (D:6)
  4 killer bees
  A howler monkey (D:6)
  5 bullfrog zombies (D:5)
  A centaur zombie (D:5)
  2 hounds
  2 orc priests (D:6)
  3 jellies
  Crazy Yiuf (D:7)
  2 bullfrog skeletons
  2 iguanas
  2 orc wizards
  A killer bee zombie (D:5)
  A hound zombie (D:5)
  2 hound skeletons (D:5)
  A howler monkey zombie (D:5)
  Robin (D:3)
  13 gnolls
  3 adders
  A shadow imp (D:8)
  2 white imps (D:7)
  An adder zombie (D:5)
  An adder skeleton (D:5)
  A worm (D:2)
  17 orcs
  8 bats
  2 endoplasms
  4 giant cockroaches
  9 hobgoblins
  A quokka (D:1)
  6 ball pythons
  4 frilled lizards
  17 goblins
  11 kobolds
  3 rats
170 creatures vanquished.

Vanquished Creatures (others)
  17 fulminant prisms
  A plant (D:1)
18 creatures vanquished.

Grand Total: 188 creatures vanquished

Notes
Turn   | Place    | Note
-------+----------+-------------------------------------------
     0 | D:1      | pokedragonboy the Deep Elf Conjurer began the quest for the
                  | Orb.
     0 | D:1      | Reached XP level 1. HP: 10/10 MP: 6/6
   229 | D:1      | Reached XP level 2. HP: 15/15 MP: 5/8
   390 | D:1      | Learned a level 2 spell: Searing Ray
   590 | D:1      | Found a faded altar of an unknown god.
   812 | D:1      | Reached skill level 5 in Conjurations
   859 | D:1      | Reached XP level 3. HP: 19/19 MP: 8/10
  1126 | D:2      | Noticed Sigmund
  1285 | D:2      | Learned a level 2 spell: Blink
  1713 | D:2      | Found Epsusk's Jewellery Shoppe.
  1911 | D:2      | Reached XP level 4. HP: 24/24 MP: 5/11
  1985 | D:2      | Reached skill level 1 in Invocations
  2631 | D:2      | Killed Sigmund
  2632 | D:2      | Reached skill level 6 in Conjurations
  2632 | D:2      | Reached XP level 5. HP: 21/28 MP: 5/14
  2744 | D:3      | Noticed Robin
  2750 | D:3      | Killed Robin
  3020 | D:3      | Reached XP level 6. HP: 24/32 MP: 11/15
  3030 | D:3      | Reached skill level 5 in Spellcasting
  3738 | D:4      | Noticed Menkaure
  3741 | D:4      | Killed Menkaure
  3744 | D:4      | Reached skill level 7 in Conjurations
  4239 | D:4      | Noticed Edmund
  4247 | D:4      | Killed Edmund
  4248 | D:4      | Reached skill level 1 in Evocations
  4248 | D:4      | Reached XP level 7. HP: 19/36 MP: 9/17
  4765 | D:5      | Entered Level 5 of the Dungeon
  4779 | D:5      | Learned a level 4 spell: Iskenderun's Mystic Blast
  4867 | D:5      | Noticed a wyvern
  4883 | D:5      | Killed a wyvern
  5031 | D:5      | Reached skill level 8 in Conjurations
  5458 | D:5      | Reached XP level 8. HP: 41/41 MP: 11/20
  5777 | D:5      | Reached skill level 9 in Conjurations
  6136 | D:5      | Noticed a two-headed ogre
  6149 | D:5      | Killed a two-headed ogre
  6150 | D:5      | Reached skill level 10 in Conjurations
  6270 | D:5      | Reached XP level 9. HP: 45/45 MP: 17/23
  6533 | D:6      | Reached skill level 5 in Evocations
  6558 | D:6      | Learned a level 4 spell: Fulminant Prism
  6874 | D:6      | Noticed Maggie
  7202 | D:6      | Killed Maggie
  7847 | D:7      | Found a staircase to the Ecumenical Temple.
  7861 | Temple   | Entered the Ecumenical Temple
  7984 | Temple   | Became a worshipper of Vehumet
  8117 | D:7      | Reached skill level 11 in Conjurations
  8117 | D:7      | Reached skill level 1 in Hexes
  8646 | D:7      | Killed a large slime creature
  8731 | D:7      | Reached XP level 10. HP: 23/50 MP: 16/25
  9003 | D:7      | Identified the ring "Qob Viod" {Wiz Dex+4 Stlth-}
  9112 | D:7      | Noticed Duvessa
  9112 | D:7      | Noticed Dowan
  9119 | D:7      | Killed Duvessa
  9124 | D:7      | Killed Dowan
  9194 | D:7      | Noticed Joseph
  9214 | D:7      | Killed Joseph
  9215 | D:7      | Reached skill level 10 in Spellcasting
  9222 | D:7      | Reached skill level 12 in Conjurations
  9486 | D:7      | Found a runed translucent door.
  9487 | D:7      | Noticed Crazy Yiuf
  9492 | D:7      | Killed Crazy Yiuf
  9730 | D:8      | Found a blossoming altar of Fedhas.
 10230 | D:8      | Noticed a wizard
 10236 | D:8      | Killed a wizard
 10335 | D:8      | Noticed a wizard
 10340 | D:8      | Killed a wizard
 10467 | D:8      | Reached * piety under Vehumet
 10467 | D:8      | Offered knowledge of Foxfire by Vehumet.
 10563 | D:8      | Noticed a two-headed ogre
 10583 | D:8      | Killed a two-headed ogre
 10584 | D:8      | Reached skill level 13 in Conjurations
 10957 | D:8      | Paralysed by a hornet for 3 turns
 10960 | D:8      | Slain by a hornet

Illustrated notes

Levels and vault maps discovered:
D:1:      wander_arrival_chamber, layout_basic, basic_ecumenical_altar,
          chequers_big_river, corexii_item_surrounded_by_moat,
          minmay_pentomino_v2
D:2:      layout_basic, serial_glass, glass_columns_c, glass_columns_c,
          glass_columns_a, glass_columns_b, serial_shops,
          nicolae_shop_behind_doors, uniq_sigmund
D:3:      layout_basic, corexii_item_surrounded_by_moat, grunt_decor_resistance,
          uniq_robin
D:4:      layout_basic, uniq_edmund, uniq_menkaure
D:5:      layout_basic, serial_undead, serial_undead_d, serial_undead_d,
          serial_undead_d, serial_undead_a, minmay_fractal_squares_5
D:6:      layout_basic, serial_corexii_hall, chequers_hall_statues_y,
          corexii_hall_statues_u, uniq_maggie
D:7:      minmay_octagon_keep, layout_basic, minmay_temple_entry_ruins,
          uniq_duvessa, uniq_crazy_yiuf_cottage, uniq_joseph
D:8:      cheibrodos_wizards_tower, layout_basic, mainiacjoe_overflow_brackets,
          dk_vineyard_1
Temple:   kilobyte_greek_temple

Skill      XL: |  1  2  3  4  5  6  7  8  9 10 |
---------------+-------------------------------+-----
Conjurations   | 5 6 7 8 10 11 13 | 13.0
Dodging        | 3 |  3.0
Invocations    | 1 |  1.0
Spellcasting   | 4 5 6 8 9 11 | 11.0
Translocations | 2 3 |  3.0
Evocations     | 1 3 4 6 8 |  8.0
Hexes          | 3 |  3.0
Stealth        | |  2.4

Action                   |  1- 3 |  4- 6 |  7- 9 | 10-12 || total
-------------------------+-------+-------+-------+-------++-------
Melee: Club              |     1 |       |       |       ||     1
       Short sword       |     3 |       |       |       ||     3
       Whip              |       |     2 |       |       ||     2
 Cast: Magic Dart        |    58 |    26 |    55 |    26 ||   165
       Searing Ray       |     5 |    12 |    48 |    20 ||    85
       Blink             |       |       |     1 |     1 ||     2
       Iskenderun's Myst |       |       |     1 |     1 ||     2
       Fulminant Prism   |       |       |     3 |    14 ||    17
  Use: Scroll            |     1 |     1 |     6 |     1 ||     9
       Potion            |       |       |       |     1 ||     1
Armor: Robe              |       |     2 |     7 |       ||     9
       Steam dragon scal |       |       |     2 |     3 ||     5
Dodge: Dodged            |     4 |     8 |    38 |    13 ||    63
